[Event "*** Titled Tuesday Blitz"]
[Site "Chess.com"]
[Date "2019.08.06"]
[Round "2"]
[White "Gareth-Bale11"]
[Black "darsen_sanzhaev"]
[Result "1-0"]
[WhiteElo "2734"]
[BlackElo "2584"]
[TimeControl "180+2"]
[EndTime "13:25:18 PDT"]
[Termination "Gareth-Bale11 won on time"]

1. d4 Nf6 2. Nf3 e6 3. c4 d5 4.
Nc3 c6 5. Bg5 dxc4 6. e4 b5 7.
Be2 Bb7 8. Qc2 Nbd7 9. Rd1 h6 10.
Bh4 Qb6 11. O-O g5 12. Bg3 O-O-O 13. b3 cxb3 14. axb3 Nh5 15. Nxb5 Nxg3 16. hxg3 g4 17. Ne5 Nxe5 18. dxe5 Bc5 19. Nd6+ Bxd6 20. exd6 h5 21. b4 h4 22. Qc5 Rdg8 23. d7+ Kb8 24. Bxg4 Ba6 25. Rfe1 Qxc5 26. bxc5 Kc7 27. Bf3 hxg3 28. Ra1 Kb7 29. fxg3 Bb5 30. g4 Rd8 31. Red1 e5 32. Rd6 a6 33. g5 Kc7 34. Bg4 Rhg8 35. Bf5 Rxg5 36. Rf6 Rg7 37. Kf2 Rdg8 38. g4 Rh8 39. Rd1 a5 40. Rfd6 Rd8 41. Kg3 a4 42. R6d2 Bc4 43.
Ra1 Bb3 44. Rd3 f6 45. Rd6 Rf7 46. Kf2 Ra8 47. Rd3 Bc4 48. Rda3 Bb5 49. Kg3 Rd8 50.
Rf3 Rff8 51. Be6 Ra8 52. Ra2 Kd8 53. Bf5 Ke7 54. Rfa3 Rfd8 55. Rh2 Rh8 56. Rd2 Rhd8 57. Rd6 Kf7 58. Rd1 Bc4 59. g5 fxg5 60. Kg4 Be6 61. Rd6 Bxf5+ 62. Kxf5 Ke7 63. Rh3 a3 64. Rh7+ Kf8 65. Kf6 Kg8 66. Rg7+ 1-0

[Event "*** Titled Tuesday Blitz"]
[Site "Chess.com"]
[Date "2019.08.06"]
[Round "2"]
[White "RitvarsReimanis"]
[Black "vpsetter"]
[Result "0-1"]
[WhiteElo "2576"]
[BlackElo "2652"]
[TimeControl "180+2"]
[EndTime "13:25:19 PDT"]
[Termination "vpsetter won by resignation"]

1. d4 Nf6 2. c4 e6 3. Nc3 Bb4 4. e3 O-O 5. Ne2 d5 6. a3 Be7 7. cxd5 exd5 8. g3 Bf5 9. Bg2 c6 10. O-O Re8 11. b3 Nbd7 12. Ra2 Bf8 13. f3 h6 14. g4 Bh7 15. Nf4 a5 16. a4 Bd6 17.
Nd3 c5 18. Nb5 Bf8 19. h3 Rc8 20. Na7 Ra8 21. Nb5 Qb6 22. Kh1 Rac8 23. dxc5 Nxc5 24. Nf4 Rcd8 25. Bb2 Rxe3 26. Bd4 Ree8 27. Qa1 Qc6 28. Bxf6 gxf6 29. Nh5 Bg7 30. Nd4 Qd6 31. Qc3 b6 32.
Nb5 Qe5 33. f4 Qxc3 34. Nxc3 Ne4 35. Nb5 f5 36. Nxg7 Kxg7 37. Bxe4 Rxe4 38. Rd2 fxg4 39. hxg4 d4 40. Rf3 f5 41. gxf5 Bxf5 42. Kg2 Kf6 43. Rfd3 Re2+ 44. Rxe2 Bxd3 45. Rd2 Bxb5 46. axb5 Rd5 47.
Kf3 Rxb5 48. Rd3 Rb4 49. Ke4 h5 50. f5 h4 51. Kf4 h3 52. Rxh3 d3+ 53. Ke3 Kxf5 54.
Rh5+ Kg6 55. Rd5 Rxb3 56. Kf4 Kf6 57. Rd6+ Ke7 58. Rd5 Ke6 59. Rd8 a4 60. Ke4 a3 61.
Ke3 b5 62. Ra8 b4 63. Ra5 Kd6 64. Kd4 d2 65. Rd5+ Kc6 66. Ke4 Re3+ 0-1

[Event "*** Titled Tuesday Blitz"]
[Site "Chess.com"]
[Date "2019.08.06"]
[Round "2"]
[White "Naruto-K"]
[Black "Keithonsky"]
[Result "0-1"]
[WhiteElo "2474"]
[BlackElo "2450"]
[TimeControl "180+2"]
[EndTime "13:25:20 PDT"]
[Termination "Keithonsky won by checkmate"]

1. Nf3 Nf6 2. g3 e6 3. Bg2 d5 4. O-O Be7 5. d3 O-O 6. Nbd2 d4 7. e4 dxe3 8. fxe3 Ng4 9. Qe2 Nc6 10. h3 Nf6 11. d4 Bd6 12. e4 Bxg3 13. c3 Nh5 14. e5 Nf4 15. Qe4 Ne7 16. Ng5 Neg6 17. Ngf3 Bd7 18.
Qe3 Bc6 19. Ne4 Nxg2 20. Kxg2 Bf4 21. Qe1 Qd5 22. Nc5 b6 23. Nd3 Bxc1 24. Rxc1 Qe4 25.
Qxe4 Bxe4 26. Nf2 Nh4+ 27. Kg3 Nf5+ 28. Kf4 Bd5 29. Rg1 f6 30. exf6 Rxf6 31. Ng4 Rff8 32. Nfe5 Nxd4+ 33. Ke3 Nf5+ 34. Ke2 h5 35. c4 Be4 36. Nf2 Bb7 37. Rcd1 Rad8 38. Ng6 Rfe8 39. Nf4 Nd4+ 40. Ke3 Nf5+ 41. Ke2 Nd4+ 42. Ke3 e5 43. Nxh5 Nc2+ 44. Ke2 Nd4+ 45. Ke3 Re7 46. Ng4 Rf8 47. Rdf1 Rd8 48. Nh6+ Kh7 49. Nf7 Nc2+ 50. Ke2 Nd4+ 51. Ke3 Nc2+ 52. Ke2 Rd4 53. Ng5+ Kh6 54. Ng3 g6 55.
Nf7+ Kh7 56. Ng5+ Kh8 57. h4 Rxh4 58. Kd2 Nd4 59. Nf7+ Rxf7 60. Rxf7 Nf3+ 61. Rxf3 Bxf3 62. Ke3 Bc6 63. Ne2 Re4+ 64. Kd2 Kh7 65. b3 Rh4 66. Rg5 e4 67. Re5 Kh6 68. Ke3 Rh3+ 69. Kd4 Rd3# 0-1

[Event "*** Titled Tuesday Blitz"]
[Site "Chess.com"]
[Date "2019.08.06"]
[Round "2"]
[White "Leonid_Starozhilov"]
[Black "Marcus_Harvey"]
[Result "1/2-1/2"]
[WhiteElo "2719"]
[BlackElo "2770"]
[TimeControl "180+2"]
[EndTime "13:25:39 PDT"]
[Termination "Game drawn - insufficient material"]

1. Nf3 Nf6 2. g3 b5 3. Bg2 Bb7 4. O-O e6 5. d3 d5 6. c3 Be7 7. Bg5 O-O 8. Nbd2 Nbd7 9. Qc2 h6 10. Bxf6 Nxf6 11. e4 c5 12. exd5 Bxd5 13. Ne4 Nxe4 14. dxe4 Bb7 15. Rfe1 Qc7 16. h4 Rfd8 17. Rad1 c4 18.
Nd4 a6 19. e5 Bc5 20. Qe2 Bxg2 21. Kxg2 Rd5 22. Nf3 Rad8 23. Rxd5 Rxd5 24. Rd1 Qd7 25. Rxd5 Qxd5 26. g4 b4 27. cxb4 Bxb4 28. Qe3 Bc5 29. Qf4 Qd3 30. h5 Qe2 31. Qd2 Qe4 32. Kg3 Qb1 33. g5 Qh1 34. gxh6 Qxh5 35. Qd8+ Kh7 36. hxg7 Qg6+ 37. Ng5+ Kxg7 38. f4 Qd3+ 39. Qxd3 cxd3 40. Kf3 d2 41. Ke2 Be3 42. Nf3 Bxf4 43. Nxd2 Bxe5 44.
Nc4 Bc7 45. b4 Kf6 46. a4 Ke7 47. Kd3 e5 48. Ke4 Ke6 49. Ne3 Bd6 50. b5 axb5 51.
axb5 Bc5 52. Nf5 f6 53. Ng7+ Kd6 54. Nf5+ Kc7 55. Kd5 Kb6 56. Ke6 Kxb5 57. Kxf6 Bd4 58. Kg5 Kc4 59. Ng3 Bf2 60. Ne4 Bg1 61. Kf5 Kd4 62.
Nf6 Bh2 63. Ne4 Bf4 64. Nf6 Bc1 65. Ne4 Ba3 66. Ng5 Kd5 67. Ne4 Be7 68. Nf2 Kd4 69. Ne4 Bd8 70. Ng3 Bc7 71. Ne4 Ke3 72. Ng5 Kd3 73.
Ne4 Bb8 74. Nc5+ Kd4 75. Ne4 Bc7 76. Nf6 Bd8 77. Ne4 Be7 78. Ng3 Kd5 79. Ne4 Ba3 80. Ng5 Bc1 81. Ne4 Bf4 82. Nf6+ Kd6 83. Ng4 Kd5 84.
Nxe5 1/2-1/2

[Event "*** Titled Tuesday Blitz"]
[Site "Chess.com"]
[Date "2019.08.06"]
[Round "2"]
[White "Konavets"]
[Black "Chigorinetz"]
[Result "1-0"]
[WhiteElo "2995"]
[BlackElo "2640"]
[TimeControl "180+2"]
[EndTime "13:25:50 PDT"]
[Termination "Konavets won by checkmate"]

1. e4 c5 2. Nf3 Nc6 3. Nc3 g6 4. d4 cxd4 5. Nxd4 Bg7 6. Be3 Nf6 7. Bc4 O-O 8. Bb3 d6 9. f3 Qa5 10. Qd2 Nxd4 11. Bxd4 Be6 12. Bxe6 fxe6 13. O-O Nd7 14. Kh1 Bxd4 15. Qxd4 Qc5 16. Qd2 b5 17. Ne2 Rac8 18.
Nd4 Rf6 19. c3 Ne5 20. Rad1 a5 21. Qh6 Nf7 22. Qh3 Rb8 23. Nxe6 Qc8 24. Nd4 Qxh3 25. gxh3 Ne5 26. b3 Rf4 27. Kg2 Kf7 28. Kg3 g5 29. Ne2 Rf6 30. Rd5 a4 31. b4 h5 32. Nd4 h4+ 33.
Kg2 a3 34. Rxb5 Rc8 35. Ne2 Ke6 36. Rd5 Rcf8 37. Nd4+ Kd7 38. Ra5 Rc8 39. Ra7+ Ke8 40.
Ne2 Nd3 41. Rxa3 e6 42. Rd1 Ne5 43. Rxd6 Nc4 44. Rda6 Nxa3 45. Rxa3 Rd8 46. Kf2 Rd3 47.
Nd4 e5 48. Nf5 Rd2+ 49. Ke3 Rxh2 50. Ra5 Rc6 51. Rxe5+ Kf7 52. Kd3 Rxh3 53. Nd4 Ra6 54. Rxg5 Rxa2 55. b5 Rh1 56. b6 Rb2 57. Nb5 h3 58.
Kc4 Rd1 59. b7 Rd8 60. Rh5 h2 61. Kc5 Kg7 62. Kc6 Rf8 63. e5 Kg6 64. Rh3 Rxf3 65. b8=Q Rxh3 66. Qg8+ Kh5 67. Qh7+ Kg4 68. Qe4+ Kg3 69.
Qh1 Rh6+ 70. Kc5 Rg2 71. Nd4 Rh5 72. Kd6 Kf2 73. e6 Rh6 74. Kd7 Rg7+ 75. e7 Rhh7 76.
Qf3+ Kg1 77. Ne2# 1-0

[Event "*** Titled Tuesday Blitz"]
[Site "Chess.com"]
[Date "2019.08.06"]
[Round "2"]
[White "Shahinyan_ChessMood"]
[Black "hurricane7791"]
[Result "1-0"]
[WhiteElo "2755"]
[BlackElo "2715"]
[TimeControl "180+2"]
[EndTime "13:26:06 PDT"]
[Termination "Shahinyan_ChessMood won by resignation"]

1. e4 c5 2. Nc3 Nc6 3. Bb5 Nd4 4. Nf3 a6 5. Bd3 e6 6. O-O Ne7 7. Nxd4 cxd4 8. Ne2 Nc6 9. c3 dxc3 10. dxc3 b5 11. Bc2 Bb7 12. Bf4 d6 13. Qd2 Qc7 14. Rad1 Ne5 15.
Bxe5 dxe5 16. a4 Be7 17. axb5 axb5 18. Bd3 O-O 19. Ng3 Rfd8 20. Qe2 b4 21. cxb4 Bxb4 22. Bc4 g6 23. b3 Bc5 24. h4 Qe7 25. h5 Qg5 26.
Qf3 Qh4 27. Rxd8+ Rxd8 28. Be2 Kg7 29. Rd1 Bd4 30. Bd3 f5 31. Rd2 Bb6 32. Re2 f4 33. Nf1 Qxh5 34. Bc4 Kf6 35. Rd2 Qxf3 36. gxf3 Rxd2 37. Nxd2 Ba5 38. Nf1 g5 39. Kg2 h5 40.
Nh2 Bb4 41. Bd3 Bc5 42. Nf1 Bb4 43. Nh2 Bc6 44. Kf1 Bc5 45. Ke2 Bd7 46. Nf1 g4 47.
Nd2 Bd4 48. Kf1 Bc3 49. Nc4 gxf3 50. Bc2 Bc6 51. Kg1 Kg5 52. Nd6 Bb4 53. Nc4 Bc3 54. Nd6 Kf6 55. Kh2 Bd4 56. Kg1 Ke7 57.
Nc4 h4 58. Nd2 h3 59. Nxf3 Kd6 60. Bd3 Kc5 61. Ng5 Kb4 62. Nxh3 Kc3 63. Bc4 Bxe4 64. Bxe6 Kd2 65. Ng5 Bc6 66. Bf5 Ke1 67. Ne4 Ke2 68.
Kg2 f3+ 69. Kg3 Bd5 70. b4 Bb6 71. Nc3+ Ke1 72. Nxd5 Bxf2+ 73. Kxf3 Bd4 74. Ke4 Kd2 75. Bd7 Kc2 76. Ba4+ Kb2 77. Bd1 Ka3 78. b5 1-0

[Event "*** Titled Tuesday Blitz"]
[Site "Chess.com"]
[Date "2019.08.06"]
[Round "2"]
[White "Kargan90"]
[Black "hermionegrangermagic"]
[Result "1-0"]
[WhiteElo "2535"]
[BlackElo "2384"]
[TimeControl "180+2"]
[EndTime "13:27:48 PDT"]
[Termination "Kargan90 won on time"]

1. e4 c5 2. Nf3 Nc6 3. Bb5 d6 4. O-O Bd7 5. c3 a6 6. Ba4 Nf6 7. Re1 b5 8. Bc2 Bg4 9. h3 Bxf3 10. Qxf3 g6 11. a4 b4 12. a5 Nd7 13. Ba4 Nce5 14.
Qg3 Bg7 15. d4 cxd4 16. cxd4 Nc4 17. Qd3 Rc8 18. b3 Nxa5 19. Bxd7+ Kxd7 20. Qxa6 Nc6 21. d5 Bxa1 22. dxc6+ Rxc6 23. Qxa1 Qa8 24. Qd4 Rhc8 25. Be3 Qb7 26. e5 Qb5 27. Qg4+ e6 28. Qf3 Ke8 29.
exd6 Rxd6 30. Nd2 Qf5 31. Nc4 Rd3 32. Qb7 Rcd8 33. Qxb4 Rd1 34. Rxd1 Rxd1+ 35. Kh2 Qd5 36. Bc5 Qg5 37. Qb8+ Rd8 38. Nd6+ Kf8 39. Ne4+ Kg7 40. Bd4+ Kg8 41. Nxg5 Rxb8 42. Ne4 Rxb3 43. Nf6+ Kf8 44. Nxh7+ Ke7 45. Ng5 Rb5 46. Nf3 Rd5 47. Be3 Ra5 48.
h4 Kf8 49. Kg3 Kg7 50. Bd4+ f6 51. Bc3 Ra4 52. Nd4 Kf7 53. Nf3 Rc4 54. Bd2 Ra4 55. Be3 Rc4 56. Nd2 Ra4 57. f3 Rb4 58.
Kh3 Ra4 59. Nf1 Ra3 60. Bd2 Rd3 61. Bb4 Rb3 62. Bc5 Rb5 63. Bd4 Rd5 64. Bf2 Rd1 65.
Ne3 Rd2 66. Bg3 Rd3 67. Ng4 Rd1 68. Bf2 Rh1+ 69. Kg3 Ra1 70. Nxf6 Ra4 71. Ng4 Rb4 72. Be3 Ra4 73. Bf4 Rb4 74. Be5 Ra4 75. Nh2 Ra5 76.
f4 Ra3+ 77. Nf3 Ra2 78. Kh3 Ra3 79. Kg4 Ra2 80. g3 Ra3 81. Ng5+ Ke7 82. Ne4 Ra4 83. Nd2 Rb4 84. Kg5 Kf7 85. Nf3 Ra4 86. Nd4 Ra6 87. g4 Rb6 88. Ne2 Rb1 89. Ng3 Rb4 90. Ne2 Re4 91. Nd4 Re1 92. Nc6 Rg1 93. Nd4 Rg2 94. Nb5 Rg1 95. Nd6+ Ke7 96. Ne4 Kf7 97. Bd4 Rg2 98. Nd6+ Ke7 99. Nc4 Re2 100. Ne5 Re4 101. Nxg6+ Kf7 102. Bf6 Ra4 103. Ne5+ Kg8 104. h5 Ra5 105. Kg6 Ra7 106. h6 Rh7 107. Nf3 Rf7 108. Ng5 1-0

[Event "*** Titled Tuesday Blitz"]
[Site "Chess.com"]
[Date "2019.08.06"]
[Round "3"]
[White "Pechen_Yeltsina"]
[Black "Bigfish1995"]
[Result "0-1"]
[WhiteElo "2669"]
[BlackElo "3055"]
[TimeControl "180+2"]
[EndTime "13:29:26 PDT"]
[Termination "Bigfish1995 won by resignation"]

1. d4 Nf6 2. c4 g6 3. Nc3 d5 4.
Nf3 Bg7 5. Bg5 Ne4 6. cxd5 Nxg5 7. Nxg5 e6 8. Nf3 exd5 9. e3 c6 10. b4 Be6 11. Bd3 Nd7 12. O-O O-O 13. Ng5 Qxg5 0-1

[Event "*** Titled Tuesday Blitz"]
[Site "Chess.com"]
[Date "2019.08.06"]
[Round "3"]
[White "S-Fazulyanov"]
[Black "Lion_DL"]
[Result "1-0"]
[WhiteElo "2489"]
[BlackElo "2337"]
[TimeControl "180+2"]
[EndTime "13:30:45 PDT"]
[Termination "S-Fazulyanov won by resignation"]

1. e4 c5 2. Nf3 e6 3. d4 cxd4 4. Nxd4 a6 5. c4 Qc7 6. Nc3 Bb4 7. Be2 Nf6 8. O-O Bxc3 9. bxc3 Nxe4 10. Bf3 Nc5 11. Nb3 d6 12. Bf4 e5 13. Nxc5 dxc5 14. Bxe5 Qa5 15. Bxg7 Rg8 16. Re1+ Be6 17. Qd6 Rxg7 18. Bxb7 1-0

[Event "*** Titled Tuesday Blitz"]
[Site "Chess.com"]
[Date "2019.08.06"]
[Round "3"]
[White "Ibraev_Vasilj"]
[Black "guillembaches"]
[Result "1/2-1/2"]
[WhiteElo "2288"]
[BlackElo "2316"]
[TimeControl "180+2"]
[EndTime "13:30:46 PDT"]
[Termination "Game drawn by agreement"]

1. Nf3 Nf6 2. c4 e6 3. g3 d5 4. b3 c5 5. cxd5 Nxd5 6. Bb2 Nc6 7. Bg2 Nf6 8. O-O Be7 9. Ne5 Nxe5 10. Bxe5 O-O 11.
d3 Nd7 12. Bb2 Rb8 13. Nd2 b6 14. Rc1 Bb7 15. Nf3 Bf6 16. Qd2 1/2-1/2

[Event "*** Titled Tuesday Blitz"]
[Site "Chess.com"]
[Date "2019.08.06"]
[Round "3"]
[White "Mazanchenko_Dmitry"]
[Black "ChrisTool2"]
[Result "0-1"]
[WhiteElo "2187"]
[BlackElo "2277"]
[TimeControl "180+2"]
[EndTime "13:30:47 PDT"]
[Termination "ChrisTool2 won by resignation"]

1. e4 c5 2. Ne2 e6 3. Nbc3 d6 4.
g3 Nc6 5. Bg2 g6 6. d4 cxd4 7.
Nxd4 Bg7 8. Ndb5 Ke7 9. Bf4 Be5 10. Bxe5 dxe5 11. Qxd8+ Nxd8 12. O-O-O a6 13. Na3 b5 14. Ne2 Bb7 15. Kb1 Nf6 16. f3 Rc8 17. Rc1 b4 18. c4 bxa3 19. bxa3 Nc6 0-1

[Event "*** Titled Tuesday Blitz"]
[Site "Chess.com"]
[Date "2019.08.06"]
[Round "3"]
[White "pedromartinez91"]
[Black "JozefKneht"]
[Result "1-0"]
[WhiteElo "2457"]
[BlackElo "2334"]
[TimeControl "180+2"]
[EndTime "13:30:55 PDT"]
[Termination "pedromartinez91 won by resignation"]

1. e4 c6 2. Bc4 d5 3. Bb3 dxe4 4. Nc3 Nf6 5. f3 exf3 6. Nxf3 g6 7. d4 Bg7 8. Ne5 O-O 9. O-O e6 10. Bg5 Nbd7 11. Ng4 h6 12. Nxh6+ Bxh6 13. Bxh6 Re8 14.
Bg5 Kg7 15. Ne4 1-0

[Event "*** Titled Tuesday Blitz"]
[Site "Chess.com"]
[Date "2019.08.06"]
[Round "3"]
[White "Saitama_Hero"]
[Black "WeAintSurePal"]
[Result "1-0"]
[WhiteElo "2307"]
[BlackElo "2303"]
[TimeControl "180+2"]
[EndTime "13:31:26 PDT"]
[Termination "Saitama_Hero won by resignation"]

1. d4 d5 2. c4 e6 3. Nf3 Nf6 4. Nc3 Be7 5. Bf4 O-O 6. e3 c5 7. dxc5 Bxc5 8. Qc2 Nc6 9. a3 Qa5 10.
Nd2 e5 11. Nb3 Qb6 12. Bg5 Ne4 13. Nxd5 Qa6 14. Qxe4 f5 15. Qc2 Bd6 16. c5 1-0

[Event "*** Titled Tuesday Blitz"]
[Site "Chess.com"]
[Date "2019.08.06"]
[Round "3"]
[White "dianamirza"]
[Black "dawtonlms"]
[Result "0-1"]
[WhiteElo "2291"]
[BlackElo "2421"]
[TimeControl "180+2"]
[EndTime "13:31:30 PDT"]
[Termination "dawtonlms won by resignation"]

1. e4 c5 2. Nc3 a6 3. f4 b5 4.
g3 Bb7 5. Bg2 e6 6. Qe2 Nc6 7. d3 g6 8. Nf3 d6 9. O-O Bg7 10. Kh1 Nge7 11. Nd1 O-O 12. c3 d5 13. e5 h5 14. d4 cxd4 15. cxd4 Nf5 16. Be3 Rc8 17.
Nf2 b4 18. Rac1 Qb6 19. Rfd1 a5 20. b3 Ba6 21. Qd2 Na7 22. Nd3 Nb5 23. Nc5 Nc3 24.
Rf1 Bxf1 25. Bxf1 Ne4 26. Qg2 Nxe3 0-1

[Event "*** Titled Tuesday Blitz"]
[Site "Chess.com"]
[Date "2019.08.06"]
[Round "3"]
[White "StephenDedalus83"]
[Black "qqwow"]
[Result "1-0"]
[WhiteElo "2815"]
[BlackElo "2497"]
[TimeControl "180+2"]
[EndTime "13:31:55 PDT"]
[Termination "StephenDedalus83 won by resignation"]

1. e4 Nc6 2. Nf3 d6 3. d4 Nf6 4.
Nc3 Bg4 5. Be3 e6 6. Be2 Be7 7.
Qd2 O-O 8. O-O-O d5 9. e5 Ne4 10. Nxe4 dxe4 11. Ng1 Bf5 12. h4 Bxh4 13. g4 Bg6 14. g5 Ne7 15. Rxh4 c5 16. dxc5 Nd5 17. Bc4 Nxe3 18. Qxe3 Qa5 19. Ne2 Rac8 20. Nf4 Rxc5 21. Nxg6 hxg6 22. Qh3 1-0

[Event "*** Titled Tuesday Blitz"]
[Site "Chess.com"]
[Date "2019.08.06"]
[Round "3"]
[White "Er_is_geen_hoop_meer"]
[Black "playablecharacter"]
[Result "1-0"]
[WhiteElo "2359"]
[BlackElo "2218"]
[TimeControl "180+2"]
[EndTime "13:32:07 PDT"]
[Termination "Er_is_geen_hoop_meer won by resignation"]

1. b4 Nf6 2. Bb2 g6 3. c4 Bg7 4. Qc2 O-O 5. Nc3 a5 6. b5 b6 7. O-O-O Bb7 8. e3 c5 9. Nf3 d5 10. cxd5 Nxd5 11. h4 Nb4 12. Qb1 c4 13. Bxc4 Qc7 14.
Bb3 a4 15. Bxf7+ Kxf7 16. Ng5+ Kg8 17. Nxh7 a3 18. Ba1 Bxg2 19. Qxg6 Nxa2+ 20. Kb1 Nxc3+ 21. Bxc3 a2+ 22. Ka1 Qxc3+ 23. dxc3 Be4 24. Nf6+ Rxf6 25.
Qxe4 Rxf2 26. Rd8+ Rf8 27. Rxf8+ Kxf8 28. Qxa8 1-0

[Event "*** Titled Tuesday Blitz"]
[Site "Chess.com"]
[Date "2019.08.06"]
[Round "3"]
[White "LuisFSiles"]
[Black "twitchTriniCupid"]
[Result "0-1"]
[WhiteElo "2183"]
[BlackElo "2273"]
[TimeControl "180+2"]
[EndTime "13:32:15 PDT"]
[Termination "twitchTriniCupid won by resignation"]

1. e4 c6 2. d4 d5 3. exd5 cxd5 4. c4 Nf6 5. Nc3 Nc6 6. Bg5 Bg4 7. f3 Be6 8. Nge2 h6 9. Bxf6 exf6 10. Nf4 Bb4 11.
a3 Bxc3+ 12. bxc3 Qd6 13. cxd5 Qxf4 14. dxe6 Qe3+ 15. Be2 Qxc3+ 16. Kf2 fxe6 17. d5 Qc5+ 18. Kg3 exd5 0-1

[Event "*** Titled Tuesday Blitz"]
[Site "Chess.com"]
[Date "2019.08.06"]
[Round "3"]
[White "marianokar"]
[Black "ArnaudovP"]
[Result "0-1"]
[WhiteElo "2430"]
[BlackElo "2652"]
[TimeControl "180+2"]
[EndTime "13:32:43 PDT"]
[Termination "ArnaudovP won by resignation"]

1. d4 Nf6 2. c4 Nc6 3. Nf3 e6 4. e3 Bb4+ 5. Nbd2 O-O 6. a3 Bxd2+ 7. Qxd2 d6 8. b4 e5 9. b5 Ne7 10. dxe5 Ne4 11. Qc2 Bf5 12. Bd3 d5 13. c5 Ng6 14.
Nd4 Be6 15. Nxe6 fxe6 16. Bxe4 dxe4 17. Qxe4 Qe7 18. O-O Qxc5 19. a4 Qxe5 20. Qxb7 Qxa1 0-1

[Event "*** Titled Tuesday Blitz"]
[Site "Chess.com"]
[Date "2019.08.06"]
[Round "3"]
[White "ama18"]
[Black "Chigorinetz"]
[Result "1-0"]
[WhiteElo "2444"]
[BlackElo "2628"]
[TimeControl "180+2"]
[EndTime "13:32:44 PDT"]
[Termination "ama18 won by resignation"]

1. d4 d5 2. c4 Nc6 3. Nf3 Bg4 4. cxd5 Bxf3 5. gxf3 Qxd5 6. e3 e5 7. Nc3 Bb4 8. Bd2 Bxc3 9. bxc3 Qd6 10. Qb3 O-O-O 11.
Rb1 b6 12. Bg2 f5 13. O-O Nge7 14. Qc4 g5 15. a4 h5 16. a5 g4 17. f4 exf4 18.
exf4 Nd5 19. axb6 axb6 20. Qa6+ Kd7 21. c4 Nxf4 22. Bxf4 Qxf4 23. Qb5 Rh6 24. Bxc6+ Ke7 25. Rfe1+ Kf6 26. Qe5+ Kg5 27. Qe7+ 1-0

[Event "*** Titled Tuesday Blitz"]
[Site "Chess.com"]
[Date "2019.08.06"]
[Round "3"]
[White "VladDobrov"]
[Black "vpsetter"]
[Result "1-0"]
[WhiteElo "2933"]
[BlackElo "2649"]
[TimeControl "180+2"]
[EndTime "13:32:48 PDT"]
[Termination "VladDobrov won by resignation"]

1. d4 Nf6 2. c4 e6 3. Nf3 d5 4. Nc3 dxc4 5. e3 a6 6. a4 c5 7. Bxc4 Nc6 8. O-O Be7 9. Qe2 Qc7 10. Rd1 O-O 11. b3 cxd4 12. exd4 Bd7 13. Bb2 Nb4 14. d5 exd5 15. Qxe7 Nc6 16. Qxf6 gxf6 17. Nxd5 Qa5 18. Nxf6+ Kh8 19. Nxd7+ f6 20. Nxf6 1-0

[Event "*** Titled Tuesday Blitz"]
[Site "Chess.com"]
[Date "2019.08.06"]
[Round "3"]
[White "Sveta10"]
[Black "NM2019"]
[Result "1-0"]
[WhiteElo "2078"]
[BlackElo "2080"]
[TimeControl "180+2"]
[EndTime "13:32:55 PDT"]
[Termination "Sveta10 won by resignation"]

1. e4 d5 2. exd5 Nf6 3. Bb5+ Bd7 4. Bc4 Bg4 5. f3 Bf5 6. Nc3 Nbd7 7. Nge2 a6 8. O-O Nb6 9. Bb3 Nbxd5 10. Nxd5 Nxd5 11.
d4 e6 12. Ng3 Bg6 13. c3 Be7 14. Re1 O-O 15. Bc2 c5 16. Bxg6 hxg6 17. dxc5 Bxc5+ 18. Kh1 b5 19. Bd2 Qh4 20. Qe2 Rad8 21. Ne4 Bb6 22. Bg5 Qh5 23. Bxd8 Rxd8 24. g3 Bc7 25. Kg2 Bb6 26.
Rad1 Re8 27. Rd3 f5 28. Nd6 Re7 29. Rxd5 1-0

[Event "*** Titled Tuesday Blitz"]
[Site "Chess.com"]
[Date "2019.08.06"]
[Round "3"]
[White "nitpicker"]
[Black "ruvat"]
[Result "1-0"]
[WhiteElo "2253"]
[BlackElo "2358"]
[TimeControl "180+2"]
[EndTime "13:33:01 PDT"]
[Termination "nitpicker won by resignation"]

1. e4 d6 2. d4 Nf6 3. Nc3 g6 4. h3 Bg7 5. Nge2 O-O 6. Be3 Nbd7 7. g4 e5 8. Bg2 b6 9. O-O Bb7 10. Ng3 h6 11. Qd2 Kh7 12. Rae1 a6 13. a4 a5 14. f4 Ba6 15. Rf2 c6 16. g5 exf4 17. Bxf4 hxg5 18. Bxd6 Bh6 19. Bxf8 Qxf8 20. e5 g4 21. Qd1 gxh3 22.
Bxh3 1-0

[Event "*** Titled Tuesday Blitz"]
[Site "Chess.com"]
[Date "2019.08.06"]
[Round "3"]
[White "fm24601"]
[Black "Konavets"]
[Result "0-1"]
[WhiteElo "2647"]
[BlackElo "2998"]
[TimeControl "180+2"]
[EndTime "13:33:03 PDT"]
[Termination "Konavets won by resignation"]

1. e4 c6 2. d4 d5 3. Nd2 g6 4. c3 Bg7 5. Ngf3 dxe4 6. Nxe4 Nf6 7. Nxf6+ exf6 8. h3 O-O 9. Bd3 Re8+ 10. Be3 Nd7 11.
O-O f5 12. Qd2 Nf6 13. Bh6 Ne4 14. Qc1 Bh8 15. Re1 Bd7 16. Nd2 Nxf2 17. Rxe8+ Bxe8 18. Kxf2 Qh4+ 19. Kg1 Qxh6 20. Nc4 Qxc1+ 21. Rxc1 Bd7 22. Re1 Kf8 23. Nd6 b5 24. d5 a6 25. a4 bxa4 26. Bc4 cxd5 27. Bxd5 Rb8 28. Bxf7 Rxb2 29. Be8 Bxc3 0-1

[Event "*** Titled Tuesday Blitz"]
[Site "Chess.com"]
[Date "2019.08.06"]
[Round "3"]
[White "TijanaBlagojevic"]
[Black "Litti"]
[Result "0-1"]
[WhiteElo "2319"]
[BlackElo "2479"]
[TimeControl "180+2"]
[EndTime "13:33:06 PDT"]
[Termination "Litti won by checkmate"]

1. e4 c5 2. Nf3 e6 3. c4 Nc6 4.
Nc3 Nf6 5. d4 cxd4 6. Nxd4 Bb4 7.
Nxc6 bxc6 8. Bd3 d5 9. exd5 exd5 10. O-O O-O 11. cxd5 cxd5 12. Be3 Bg4 13. Qd2 Rc8 14. Bd4 Ne4 15. Bxe4 dxe4 16. Qe3 f5 17. h3 Bh5 18. Rac1 Bg6 19. Rfd1 f4 20. Qe1 Qg5 21. Nxe4 Bxe4 22.
Qxe4 f3 23. g3 Rxc1 24. Rxc1 Qxc1+ 25. Kh2 Qf1 26. Qe6+ Rf7 27. Bxg7 Qg2# 0-1

[Event "*** Titled Tuesday Blitz"]
[Site "Chess.com"]
[Date "2019.08.06"]
[Round "3"]
[White "alturas_pacificas"]
[Black "paladin_ll"]
[Result "1-0"]
[WhiteElo "2244"]
[BlackElo "2176"]
[TimeControl "180+2"]
[EndTime "13:33:15 PDT"]
[Termination "alturas_pacificas won by checkmate"]

1. d4 Nf6 2. Bf4 g6 3. e3 Bg7 4. Nf3 O-O 5. Be2 d6 6. O-O Nc6 7. h3 Re8 8. c4 e5 9. dxe5 dxe5 10. Qxd8 Rxd8 11. Nxe5 Nxe5 12. Bxe5 Ne4 13. Bxg7 Kxg7 14.
Bf3 Nd2 15. Nxd2 Rxd2 16. b3 c6 17. Rfd1 Rb2 18. Rd8 a5 19. Re8 a4 20. bxa4 h5 21.
Rd1 h4 22. Rdd8 Rxa4 23. Rxc8 Raxa2 24. Rc7 Ra1+ 25. Kh2 Rbb1 26. g3 Ra2 27. Kg2 hxg3 28. Kxg3 Rbb2 29. Ree7 Rxf2 30. Rxf7+ Kh6 31. Rh7+ Kg5 32.
h4+ Kf6 33. Rce7 g5 34. Rhf7+ Kg6 35. Be4+ Kh6 36. Rh7# 1-0

[Event "*** Titled Tuesday Blitz"]
[Site "Chess.com"]
[Date "2019.08.06"]
[Round "3"]
[White "SantoBlue"]
[Black "FedaMaster"]
[Result "1-0"]
[WhiteElo "2803"]
[BlackElo "2560"]
[TimeControl "180+2"]
[EndTime "13:33:18 PDT"]
[Termination "SantoBlue won by resignation"]

1. c4 Nf6 2. Nc3 d5 3. cxd5 Nxd5 4. g3 g6 5. Bg2 Nb6 6. h4 h6 7. h5 g5 8. Nf3 Bg7 9. b3 Nc6 10. Bb2 Bf5 11. Rc1 Qd7 12. d3 O-O-O 13. Qd2 Kb8 14. Na4 Bxb2 15. Nc5 Qd6 16. Qxb2 e5 17. Nxb7 Kxb7 18. Nxe5 Rhe8 19. Rxc6 Qxe5 20. Re6+ Be4 21. Bxe4+ 1-0

[Event "*** Titled Tuesday Blitz"]
[Site "Chess.com"]
[Date "2019.08.06"]
[Round "3"]
[White "Mops_2004"]
[Black "Jospem"]
[Result "0-1"]
[WhiteElo "2520"]
[BlackElo "2912"]
[TimeControl "180+2"]
[EndTime "13:33:26 PDT"]
[Termination "Jospem won by resignation"]

1. Nf3 c5 2. g3 g6 3. c4 Bg7 4. Bg2 Nc6 5. Nc3 e6 6. O-O d6 7. a3 Nge7 8. Rb1 O-O 9. b4 b6 10. e3 Bb7 11. Qc2 Rc8 12. Bb2 cxb4 13. axb4 Nxb4 14.
Qa4 a5 15. Ba3 Rxc4 16. Bxb4 Nc6 17. Na2 axb4 18. Nxb4 d5 19. Qb5 Nxb4 20. Rxb4 Ba6 21. Qxb6 Rxb4 22. Qxb4 Bxf1 23. Bxf1 Qb8 24. Qxb8 Rxb8 25.
d4 Rb2 26. h4 Bf8 27. Bh3 Bb4 28. Kg2 Kf8 29. Bg4 Ke7 30. h5 Bd2 31. Kg1 f5 32.
hxg6 hxg6 33. Bh3 g5 34. Nxg5 Be1 35. f4 Bxg3 0-1